 Dungeon Crawl Stone Soup version 0.23.2-40-g277498a001 (webtiles) character file.

Game seed: 9459976423267304520

336 FishyPogo the Conjurer (level 6, -6/32 HPs)
             Began as a Tengu Venom Mage on Oct 6, 2019.
             Was an Initiate of Vehumet.
             Mangled by a gnoll
             ... wielding a +0 whip
              (11 damage)
             ... on level 4 of the Dungeon.
             The game lasted 00:10:49 (3237 turns).

FishyPogo the Conjurer (Tengu Venom Mage)           Turns: 3237, Time: 00:10:50

Health: -6/32      AC:  2    Str: 13    XL:     6   Next: 54%
Magic:  1/12       EV: 15    Int: 18    God:    Vehumet [......]
Gold:   136        SH:  0    Dex: 14    Spells: 5/11 levels left

rFire    + . .     SeeInvis .   (no weapon)
rCold    + . .     Gourm    .   (no shield)
rNeg     . . .     Faith    .   a - +0 robe
rPois    +         Spirit   .   (helmet restricted)
rElec    +         Reflect  .   (no cloak)
rCorr    +         Harm     .   (no gloves)
MR       .....                  (boots unavailable)
Stlth    +.........             (no amulet)
HPRegen  0.10/turn              i - ring of attention (curse)
MPRegen  0.13/turn              (no ring)

@: mighty, resistant, flying quickly and evasively, quick
A: beak, talons 3, able to fly
a: Fly, Renounce Religion


You were on level 4 of the Dungeon.
You worshipped Vehumet.
Vehumet was noncommittal.
You were not hungry.

You visited 1 branch of the dungeon, and saw 4 of its levels.

You collected 136 gold pieces.

Inventory:

Missiles
 e - 88 stones (quivered)
 n - 3 tomahawks
 o - 2 javelins
Armour
 a - a +0 robe (worn)
Jewellery
 i - a cursed ring of attention (left hand)
Wands
 r - a wand of paralysis (9)
Scrolls
 b - 2 scrolls of enchant armour {unknown}
 d - 3 scrolls of fear {unknown}
 j - 2 scrolls of remove curse {unknown}
 l - a scroll of random uselessness {unknown}
 m - 2 scrolls of identify {unknown}
Potions
 k - 2 potions of curing
Comestibles
 c - 6 rations
 p - a chunk of flesh


   Skills:
 - Level 2.1 Dodging
 - Level 2.0 Stealth
 + Level 3.3 Spellcasting
 + Level 5.3 Conjurations
 * Level 2.9 Air Magic
 + Level 4.2 Poison Magic


You had 5 spell levels left.
You knew the following spells:

 Your Spells              Type           Power        Failure   Level  Hunger
a - Sting                 Conj/Pois      ###.         2%          1    None
b - Poisonous Vapours     Pois/Air       ###...       5%          2    ##.....
c - Mephitic Cloud        Conj/Pois/Air  ###.....     9%          3    ###....

Your spell library contained the following spells:

 Spells                   Type           Power        Failure   Level  Hunger
 Olgreb's Toxic Radiance  Pois           ###.....     26%         4    ####...
 Venom Bolt               Conj/Pois      ###.......   52%         5    ######.


Dungeon Overview and Level Annotations

Branches:
Dungeon (4/15)
 Temple: D:4-7

Altars:
Cheibriados
Dithmenos
Vehumet


Innate Abilities, Weirdness & Mutations

You have a beak for a mouth.
You have claws for feet.
You can fly continuously.


Message History

The gnoll is heavily wounded.
The gnoll hits you with a +0 whip. The gnoll hits you.
* * * LOW HITPOINT WARNING * * *
It was a potion of cancellation.
You feel magically purged. The gnoll hits you but does no damage.
The gnoll misses you.
You hit the gnoll. You claw the gnoll, but do no damage.
The gnoll is severely wounded.
The gnoll barely misses you. The gnoll hits you.
* * * LOW HITPOINT WARNING * * *
It was a potion of resistance.
You feel protected. The gnoll barely misses you. x2
It was a potion of flight.
You feel very buoyant.
You swoop lightly up into the air.
The gnoll barely misses you. The gnoll closely misses you.
It was a potion of might.
You feel very mighty all of a sudden. The gnoll hits you with a +0 whip!
You die...

. .$###......
#####..... ##.
..........#
###### #.
#?........#
#.........#
#.........#
#.".......#
#......)..#
#.....gg..##.##
.......@.....#
..........####
.##.....#...#
#########....
###


You could see 2 gnolls.

Vanquished Creatures
  2 orc wizards (D:3)
  Ijyb (D:3)
  Jessica (D:2)
  An iguana (D:3)
  2 adders
  9 gnolls
  An ooze (D:1)
  3 worms
  3 dart slugs
  A leopard gecko (D:3)
  10 orcs
  5 bats
  2 giant cockroaches
  2 goblins (D:2)
  7 hobgoblins
  6 jackals (D:1)
  2 quokkas (D:2)
  4 frilled lizards
  8 kobolds
  7 rats
77 creatures vanquished.

Notes
Turn   | Place    | Note
-------+----------+-------------------------------------------
     0 | D:1      | FishyPogo the Tengu Venom Mage began the quest for the Orb.
     0 | D:1      | Reached XP level 1. HP: 10/10 MP: 4/4
   336 | D:1      | Reached skill level 2 in Conjurations
   350 | D:1      | Reached XP level 2. HP: 15/15 MP: 0/6
   354 | D:1      | Learned a level 2 spell: Poisonous Vapours
   680 | D:1      | Reached XP level 3. HP: 19/19 MP: 2/7
   748 | D:1      | Reached skill level 3 in Conjurations
  1107 | D:2      | Noticed Jessica
  1111 | D:2      | Killed Jessica
  1111 | D:2      | Reached XP level 4. HP: 24/24 MP: 1/8
  1258 | D:2      | Reached skill level 4 in Conjurations
  1348 | D:2      | Found a snail-covered altar of Cheibriados.
  1350 | D:2      | Found a shadowy altar of Dithmenos.
  1638 | D:2      | Gained mutation: You can fly continuously. [Tengu growth]
  1638 | D:2      | Reached XP level 5. HP: 14/28 MP: 0/10
  2090 | D:3      | Noticed Ijyb
  2210 | D:3      | Learned a level 3 spell: Mephitic Cloud
  2338 | D:3      | Reached skill level 1 in Air Magic
  2362 | D:3      | Reached skill level 5 in Conjurations
  2366 | D:3      | Found a radiant altar of Vehumet.
  2370 | D:3      | Became a worshipper of Vehumet
  2520 | D:3      | Reached XP level 6. HP: 17/32 MP: 4/11
  2632 | D:3      | Paralysed by Ijyb for 5 turns
  3008 | D:3      | Killed Ijyb
  3237 | D:4      | Mangled by a gnoll

Skill      XL: |  1  2  3  4  5 |
---------------+----------------+-----
Conjurations   | 2 3 4 5 |  5.3
Spellcasting   | 3 |  3.3
Air Magic      | 2 |  2.9
Poison Magic   | 4 |  4.2
Dodging        | |  2.1
Stealth        | |  2.0

Action                   |  1- 3 |  4- 6 || total
-------------------------+-------+-------++-------
Melee: Unarmed           |    15 |    43 ||    58
       Kick              |     2 |    13 ||    15
       Peck              |     2 |     3 ||     5
 Cast: Sting             |    41 |    92 ||   133
       Poisonous Vapours |     9 |    29 ||    38
       Mephitic Cloud    |       |     3 ||     3
  Use: Potion            |       |     5 ||     5
  Eat: Chunk             |     2 |     8 ||    10
Armor: Robe              |     4 |     6 ||    10
Dodge: Dodged            |    27 |    40 ||    67
